Match 44238480
Unlisted

Match 44238480
End
Engineer Squad
Construct Barracks
Selects Armored Battlegroup
1⁄4-ton 4x4 Truck
Selects Veteran Crews
Riflemen Squad
Riflemen Squad
Infantry Support Center
Riflemen Squad
Grenade Package
Construct Medical Station
Construct Motor Pool
Selects Strength in Steel
M8 Greyhound Armored Car
M1918 Browning Automatic Rifles
Riflemen Squad
Advanced Logistics
M1 Anti-tank Gun Team
Selects Seek and Destroy
Construct Tank Depot
M1 Anti-tank Gun Team
Selects UNKNOWN (2160077)
Selects Field Repairs
M4A3E8 Sherman Easy Eight
M4A3E8 Sherman Easy Eight
Sarg gX
Willaguy
0
0

Comments sign in to comment!

No comments posted yet!